Description

A timing attack with stimpack, shield, and +1 attack at ~6:30.

Unit Composition

You should have:

  • 1 Raven.
  • 8 Marauders.
  • 15 Marines.
  • 2 Medivacs.
  • 4 Widow mines.

VOD

https://youtu.be/QdLAUdPgSiU?t=1822

Build Order

Get SALT Encoding   

  14  0:17  Supply Depot  
  16  0:39  Barracks  
  16  0:43  Refinery  
  19  1:28  Reaper, Orbital Command  
  20  1:39  Command Center  
  20  1:51  Supply Depot  
  20  2:00  Marine  
  23  2:08  Factory  
  23  2:14  Refinery  
  24  2:21  Barracks Reactor  
  26  2:58  Starport  
  26  2:59  Marine x2  
  28  3:00  Factory Tech Lab, Orbital Command  
  29  3:12  Marine x2, Bunker  
  32  3:21  Action  Get up factory to put starport.
  32  3:22  Barracks  
  34  3:31  Marine x2  
  36  3:35  Barracks  
  40  3:45  Raven  
  40  3:51  Supply Depot  
  42  3:55  Factory Tech Lab, Refinery  To put the barrack.
  42  3:58  Marine x2  
  46  4:12  Supply Depot  
  46  4:13  Engineering Bay  
  46  4:18  Stimpack  
  48  4:24  Marauder  
  50  4:28  Supply Depot  
  50  4:31  Marauder  
  54  4:35  Marine x2  
  56  4:39  Supply Depot  
  56  4:41  Terran Infantry Weapons Level 1  
  56  4:48  Factory Reactor, Starport Reactor  
  56  4:51  Marine x2, Marauder x2  
  62  4:58  Combat Shield  
  64  5:04  Supply Depot  
  64  5:09  Refinery  
  72  5:21  Supply Depot  
  72  5:24  Medivac x2  
  76  5:28  Marine x2  
  82  5:37  Supply Depot, Widow Mine x2  
  88  5:45  Supply Depot  
  88  5:47  Action  Go to attack.
  94  6:01  Medivac, Widow Mine x2  
  100  6:06  Medivac, Supply Depot  
  106  6:19  Concussive Shells  
Spawning Tool Build Advisor. Get it on Overwolf

Analysis

At the moment when we come to the protoss, we are getting +1 upgrade on damage. Then we make +1 armor and the 3rd CC.

Raven Function

  • Against technical units (templar, immortal, colossus, prism, archon, etc.), use the matrix. You can use one matrix and a few turrets too. For example, against a colossus.

  • Against the masses the gates of the army, use anti-armor missile.

Options After Push

  • We can made two drops with 4 medivacs. One in main with the rest of units of the push, and the other one in the natural.

  • We can boot into medivac and fly to the main protoss.

  • We have 3 cc we can safely play macro.

  • If we smashed a lot of gas units of the protoss (especially the centers and the colossus), then we can take 10-12 workers from the main one and go with the army to finish off the protoss.

Following Buildings

  • 2 Barracks with reactor.

  • Armory and bay for +2/+2.

If they're going to colossus, add another starport, and for over ~9:00, add ghosts. If not, incoming ghosts. It depends of the enemy composition.

Go to:

Details

  • Created by: SamuTigreX
  • Published on: Mar 19, 2019
  • Modified on: Mar 30, 2019
  • Patch: 4.7.1
Show
View Real Time Build Order
Export as new Build Order

Comments (0)

There are no comments. Be the first!

Create an account to comment!